[ AOE2 MATCH · #472333482 ]
UnrankedBulgarians vs Franks
[ REPLAY ANALYSIS · EXTRACTED FROM THE RECORDED GAME ]
Feudal
12:59
Castle
16:53
Imperial
—
| APM avg | 60.1 |
| APM peak | 101 |
| eAPM avg | 32.8 |
| Villagers / military | 147 / 73 |
Focus
⚔️ 37.5% · 🌾 62.5%
Konnik ×65 · Fishing Ship ×10 · Monk ×2 · Mangonel ×2 · Spearman ×2 · Scorpion ×1
Feudal
13:18
Castle
16:53
Imperial
—
| APM avg | 49.7 |
| APM peak | 124 |
| eAPM avg | 24.4 |
| Villagers / military | 127 / 32 |
Focus
⚔️ 20.9% · 🌾 79.1%
Knight ×11 · Throwing Axeman ×11 · Fishing Ship ×10 · Scout Cavalry ×5 · Mangonel ×3 · Fire Galley ×2
Feudal
13:24
Castle
29:02
Imperial
—
| APM avg | 31.5 |
| APM peak | 65 |
| eAPM avg | 18.7 |
| Villagers / military | 57 / 8 |
Focus
⚔️ 28.5% · 🌾 71.5%
Fishing Ship ×11 · Spearman ×4 · Archer ×3 · Skirmisher ×1
Feudal
11:45
Castle
21:20
Imperial
36:42
| APM avg | 42.5 |
| APM peak | 65 |
| eAPM avg | 21.5 |
| Villagers / military | 127 / 31 |
Focus
⚔️ 35.1% · 🌾 64.9%
Unknown (2626) ×38 · Fishing Ship ×21 · Shrivamsha Rider ×11 · Scout Cavalry ×7 · Galley ×6 · Fire Galley ×6
Feudal
14:20
Castle
17:52
Imperial
—
| APM avg | 40.9 |
| APM peak | 83 |
| eAPM avg | 23.7 |
| Villagers / military | 195 / 40 |
Focus
⚔️ 26.0% · 🌾 74.0%
Battle Elephant ×17 · Fishing Ship ×12 · Ratha (Ranged) ×9 · Scout Cavalry ×7 · Mangonel ×5 · Monk ×1
Feudal
14:49
Castle
18:31
Imperial
—
| APM avg | 47.0 |
| APM peak | 69 |
| eAPM avg | 22.3 |
| Villagers / military | 113 / 47 |
Focus
⚔️ 30.6% · 🌾 69.4%
Archer ×36 · Fishing Ship ×15 · Mangonel ×7 · Monk ×3 · Armored Elephant ×1
Feudal
13:19
Castle
17:14
Imperial
—
| APM avg | 54.2 |
| APM peak | 104 |
| eAPM avg | 29.3 |
| Villagers / military | 111 / 33 |
Focus
⚔️ 35.7% · 🌾 64.3%
Fire Galley ×20 · Unknown (2626) ×20 · Fishing Ship ×8 · Monk ×7 · Scorpion ×3 · Mangonel ×2
Feudal
11:54
Castle
17:37
Imperial
36:29
| APM avg | 66.6 |
| APM peak | 119 |
| eAPM avg | 29.9 |
| Villagers / military | 133 / 81 |
Focus
⚔️ 34.3% · 🌾 65.7%
Archer ×70 · Unknown (2626) ×10 · Fishing Ship ×8 · Battering Ram ×8 · Monk ×2 · Mangonel ×1
Match map
Initial resources + every placement click. Lines = walls · curves = elevation contours. ◆ gold · ⬟ stone · ● berries · ✦ relic · ◌ wall gap
Your base· Open — 10t gap
LamarcusLawliet's base· Open — 15t gap
默默默默默's base· Open — unwalled flank
hide1914's base· Open — 9t gap
ty's base· Open — 4t gap
MJAI's base· Open — unwalled flank
康寶羊's base· Open — 15t gap
Nezzar's base· Open — unwalled flank
Smoothed initial terrain · ◌ = detected wall gap · hover for details
Inputs per minute
— Danatis - - LamarcusLawliet
Build order — Danatis
First 150 of 298 actions detected
| 0:03 | Build | Town Center |
| 1:31 | Build | Dock |
| 1:56 | Build | Palisade Wall |
| 2:22 | Build | House |
| 2:28 | Create | Villager (Male) ×4 |
| 2:34 | Build | House |
| 4:07 | Create | Fishing Ship |
| 4:11 | Create | Villager (Male) |
| 4:11 | Create | Villager (Male) |
| 4:22 | Build | House |
| 4:52 | Create | Villager (Male) |
| 4:52 | Create | Villager (Male) |
| 5:15 | Create | Villager (Male) |
| 5:25 | Create | Fishing Ship |
| 5:25 | Create | Fishing Ship |
| 5:45 | Create | Villager (Male) |
| 5:50 | Build | House |
| 6:07 | Create | Villager (Male) |
| 6:16 | Create | Fishing Ship |
| 6:39 | Create | Villager (Male) |
| 6:54 | Create | Villager (Male) |
| 6:59 | Create | Fishing Ship |
| 7:03 | Build | House |
| 7:26 | Create | Villager (Male) |
| 7:26 | Create | Villager (Male) |
| 7:32 | Create | Villager (Male) |
| 7:32 | Create | Villager (Male) |
| 7:35 | Create | Fishing Ship |
| 7:48 | Create | Villager (Male) |
| 7:53 | Build | House |
| 8:18 | Create | Fishing Ship |
| 8:28 | Build | House |
| 8:38 | Create | Villager (Male) |
| 8:38 | Create | Villager (Male) |
| 8:51 | Create | Fishing Ship |
| 8:52 | Create | Villager (Male) ×2 |
| 8:52 | Create | Villager (Male) ×2 |
| 9:14 | Create | Villager (Male) |
| 9:47 | Build | Mill |
| 10:42 | Research | Feudal Age |
| 10:42 | Research | Feudal Age |
| 10:51 | Build | Mining Camp |
| 10:57 | Build | Lumber Camp |
| 11:01 | Build | Palisade Wall |
| 12:02 | Create | Villager (Male) |
| 12:02 | Create | Villager (Male) |
| 12:20 | Create | Villager (Male) |
| 12:34 | Build | Mining Camp |
| 12:59 | Age | Feudal Age |
| 13:02 | Build | Market |
| 13:04 | Build | Blacksmith |
| 13:07 | Build | House |
| 13:08 | Build | Palisade Wall |
| 13:27 | Build | House |
| 13:30 | Research | Loom |
| 13:54 | Build | Mining Camp |
| 14:13 | Research | Castle Age |
| 14:13 | Research | Castle Age |
| 14:18 | Research | Double-Bit Axe |
| 14:18 | Research | Double-Bit Axe |
| 15:12 | Build | Dock |
| 15:40 | Create | Villager (Male) |
| 16:11 | Research | Scale Barding Armor |
| 16:24 | Build | Barracks |
| 16:42 | Create | Villager (Male) |
| 16:50 | Research | Town Watch |
| 16:53 | Create | Villager (Male) |
| 16:53 | Age | Castle Age |
| 17:01 | Research | Chain Barding Armor |
| 17:07 | Build | Outpost |
| 17:09 | Create | Villager (Male) |
| 17:12 | Build | Farm |
| 17:12 | Build | Farm |
| 17:26 | Build | Krepost |
| 17:37 | Create | Villager (Male) |
| 17:43 | Build | Palisade Wall |
| 17:43 | Build | Palisade Wall |
| 17:50 | Build | Palisade Wall |
| 17:52 | Build | Palisade Wall |
| 17:58 | Create | Villager (Male) |
| 18:05 | Research | Forging |
| 18:07 | Create | Villager (Male) |
| 18:18 | Build | Mill |
| 18:25 | Research | Bow Saw |
| 18:28 | Create | Villager (Male) |
| 18:33 | Create | Konnik |
| 18:33 | Create | Konnik |
| 19:09 | Build | Gate |
| 19:19 | Build | House |
| 19:19 | Create | Villager (Male) |
| 19:22 | Build | Outpost |
| 19:33 | Create | Konnik |
| 19:33 | Create | Konnik |
| 19:33 | Create | Villager (Male) ×3 |
| 19:44 | Build | Mining Camp |
| 19:45 | Create | Villager (Male) |
| 19:46 | Create | Villager (Male) |
| 19:48 | Build | Farm |
| 19:48 | Build | Farm |
| 19:50 | Create | Villager (Male) |
| 19:57 | Create | Konnik |
| 19:58 | Create | Villager (Male) ×2 |
| 20:10 | Create | Villager (Male) |
| 20:21 | Create | Villager (Male) |
| 20:34 | Create | Konnik |
| 20:34 | Create | Konnik |
| 20:34 | Create | Villager (Male) ×5 |
| 20:38 | Create | Fishing Ship |
| 20:38 | Create | Fishing Ship |
| 20:46 | Create | Konnik |
| 20:48 | Create | Villager (Male) |
| 20:48 | Create | Villager (Male) |
| 20:52 | Create | Villager (Male) |
| 21:06 | Create | Villager (Male) |
| 21:17 | Create | Konnik |
| 21:19 | Create | Villager (Male) |
| 21:25 | Build | Gate |
| 21:30 | Build | Palisade Gate |
| 21:37 | Create | Konnik |
| 21:39 | Build | House |
| 21:48 | Create | Villager (Male) |
| 22:03 | Build | Lumber Camp |
| 22:09 | Create | Villager (Male) |
| 22:15 | Create | Villager (Male) ×5 |
| 22:24 | Build | Town Center |
| 22:42 | Create | Villager (Male) ×3 |
| 22:56 | Create | Villager (Male) |
| 23:02 | Create | Konnik |
| 23:03 | Create | Konnik |
| 23:05 | Create | Villager (Male) |
| 23:25 | Create | Villager (Male) |
| 23:27 | Create | Villager (Male) |
| 23:49 | Create | Villager (Male) ×5 |
| 23:52 | Create | Konnik |
| 23:53 | Create | Konnik |
| 23:54 | Create | Villager (Male) |
| 23:56 | Build | Siege Workshop |
| 23:58 | Create | Villager (Male) ×4 |
| 24:13 | Create | Konnik |
| 24:17 | Build | Siege Workshop |
| 24:25 | Build | Siege Workshop |
| 24:27 | Create | Villager (Male) ×2 |
| 24:31 | Create | Villager (Male) |
| 24:34 | Research | Wheelbarrow |
| 24:46 | Create | Konnik |
| 24:46 | Create | Konnik |
| 24:52 | Create | Villager (Male) ×5 |
| 25:00 | Create | Konnik |
| 25:13 | Create | Villager (Male) ×5 |
| 25:26 | Create | Scorpion |
Build order — LamarcusLawliet
First 150 of 275 actions detected
| 0:02 | Build | Town Center |
| 0:52 | Build | Dock |
| 0:53 | Build | House |
| 2:31 | Create | Villager (Male) |
| 2:31 | Create | Villager (Male) |
| 2:32 | Create | Villager (Male) |
| 2:32 | Create | Villager (Male) |
| 3:54 | Create | Villager (Male) |
| 3:55 | Create | Fishing Ship |
| 3:55 | Create | Fishing Ship |
| 4:32 | Create | Villager (Male) |
| 5:00 | Create | Fishing Ship |
| 5:05 | Create | Villager (Male) |
| 5:27 | Create | Villager (Male) |
| 5:31 | Build | House |
| 5:53 | Create | Fishing Ship |
| 5:54 | Create | Villager (Male) |
| 6:12 | Create | Villager (Male) |
| 6:26 | Create | Fishing Ship |
| 6:37 | Create | Villager (Male) |
| 6:59 | Create | Villager (Male) |
| 7:08 | Create | Fishing Ship |
| 7:13 | Create | Villager (Male) |
| 7:13 | Create | Villager (Male) |
| 7:22 | Build | House |
| 7:23 | Research | Loom |
| 7:35 | Build | House |
| 7:52 | Create | Villager (Male) |
| 7:53 | Create | Villager (Male) |
| 7:53 | Create | Villager (Male) |
| 7:53 | Create | Villager (Male) |
| 7:57 | Create | Villager (Male) |
| 7:57 | Create | Villager (Male) |
| 8:14 | Create | Fishing Ship |
| 8:35 | Create | Villager (Male) |
| 8:41 | Build | House |
| 8:59 | Create | Fishing Ship |
| 9:01 | Create | Villager (Male) |
| 9:25 | Create | Villager (Male) |
| 9:40 | Create | Villager (Male) |
| 9:45 | Build | House |
| 9:50 | Create | Fishing Ship |
| 10:15 | Create | Villager (Male) |
| 10:21 | Build | Mill |
| 10:41 | Create | Fishing Ship |
| 10:43 | Create | Villager (Male) |
| 10:54 | Research | Feudal Age |
| 11:28 | Build | Mining Camp |
| 11:41 | Create | Villager (Male) |
| 11:41 | Create | Villager (Male) |
| 11:50 | Build | Barracks |
| 13:18 | Age | Feudal Age |
| 13:22 | Build | Stable |
| 13:26 | Build | Blacksmith |
| 14:13 | Research | Castle Age |
| 14:17 | Build | Farm |
| 14:18 | Build | Farm |
| 14:19 | Build | Farm |
| 14:21 | Create | Scout Cavalry |
| 14:39 | Create | Fire Galley |
| 14:42 | Create | Scout Cavalry |
| 14:54 | Build | House |
| 14:58 | Create | Scout Cavalry |
| 15:02 | Build | House |
| 15:38 | Research | Scale Barding Armor |
| 16:10 | Create | Scout Cavalry |
| 16:11 | Create | Villager (Male) |
| 16:11 | Create | Villager (Male) |
| 16:41 | Create | Villager (Male) |
| 16:46 | Create | Scout Cavalry |
| 16:53 | Age | Castle Age |
| 17:11 | Create | Knight |
| 17:26 | Create | Villager (Male) |
| 17:36 | Create | Knight |
| 17:40 | Build | Town Center |
| 18:01 | Create | Knight |
| 18:12 | Create | Knight |
| 18:28 | Create | Villager (Male) |
| 18:48 | Build | House |
| 18:49 | Create | Villager (Male) |
| 18:53 | Build | Farm |
| 18:56 | Build | Farm |
| 18:59 | Create | Villager (Male) |
| 18:59 | Create | Villager (Male) |
| 19:11 | Build | House |
| 19:16 | Create | Fire Galley |
| 19:22 | Create | Villager (Male) |
| 19:43 | Build | Farm |
| 19:55 | Create | Villager (Male) |
| 19:55 | Create | Villager (Male) |
| 19:57 | Build | House |
| 20:04 | Create | Villager (Male) |
| 20:04 | Create | Villager (Male) |
| 20:08 | Build | Farm |
| 20:13 | Create | Villager (Male) |
| 20:13 | Create | Villager (Male) |
| 20:16 | Build | Farm |
| 20:20 | Create | Villager (Male) |
| 20:28 | Build | House |
| 20:37 | Create | Knight |
| 20:42 | Create | Villager (Male) |
| 20:48 | Create | Villager (Male) |
| 20:48 | Create | Villager (Male) |
| 20:54 | Build | Siege Workshop |
| 20:57 | Create | Villager (Male) |
| 21:12 | Create | Knight |
| 21:18 | Build | House |
| 21:21 | Create | Villager (Male) |
| 21:34 | Create | Villager (Male) |
| 21:39 | Create | Mangonel |
| 21:44 | Build | Farm |
| 22:06 | Build | Farm |
| 22:07 | Build | Farm |
| 22:08 | Build | Farm |
| 22:10 | Create | Villager (Male) |
| 22:16 | Create | Villager (Male) |
| 22:16 | Create | Villager (Male) |
| 22:23 | Create | Villager (Male) |
| 22:23 | Create | Villager (Male) |
| 22:34 | Create | Villager (Male) |
| 22:48 | Create | Knight |
| 23:11 | Create | Villager (Male) |
| 23:12 | Create | Villager (Male) |
| 23:17 | Create | Villager (Male) |
| 23:39 | Create | Villager (Male) |
| 23:39 | Create | Villager (Male) |
| 23:42 | Build | Market |
| 23:50 | Create | Villager (Male) |
| 23:50 | Create | Villager (Male) |
| 23:59 | Build | Farm |
| 23:59 | Build | Farm |
| 23:59 | Build | Farm |
| 23:59 | Build | Farm |
| 24:00 | Build | Farm |
| 24:08 | Build | House |
| 24:09 | Build | House |
| 24:15 | Create | Villager (Male) |
| 24:28 | Create | Villager (Male) |
| 24:30 | Create | Villager (Male) |
| 24:31 | Create | Villager (Male) |
| 24:46 | Create | Villager (Male) |
| 24:46 | Create | Villager (Male) |
| 24:48 | Build | Farm |
| 24:56 | Build | Farm |
| 24:58 | Create | Villager (Male) |
| 25:01 | Create | Knight |
| 25:06 | Create | Villager (Male) |
| 25:23 | Create | Villager (Male) |
| 25:25 | Build | Farm |
| 25:26 | Build | Farm |
Build order — 默默默默默
147 actions detected in the replay
| 0:12 | Build | House |
| 0:33 | Build | Town Center |
| 0:45 | Build | Dock |
| 2:40 | Create | Villager (Male) |
| 2:40 | Create | Villager (Male) |
| 2:42 | Create | Villager (Male) |
| 2:42 | Create | Villager (Male) |
| 3:22 | Create | Villager (Male) |
| 4:17 | Create | Fishing Ship |
| 4:17 | Create | Fishing Ship |
| 4:30 | Build | House |
| 4:40 | Research | Loom |
| 5:11 | Create | Villager (Male) |
| 5:14 | Create | Villager (Male) |
| 5:38 | Create | Fishing Ship |
| 5:38 | Create | Fishing Ship |
| 5:43 | Create | Villager (Male) |
| 6:07 | Build | House |
| 6:14 | Create | Villager (Male) |
| 6:41 | Create | Fishing Ship |
| 6:54 | Create | Villager (Male) |
| 6:54 | Create | Villager (Male) |
| 7:09 | Create | Villager (Male) |
| 7:28 | Create | Villager (Male) |
| 7:43 | Build | House |
| 7:47 | Build | Outpost |
| 7:48 | Create | Villager (Male) |
| 7:51 | Create | Fishing Ship |
| 8:11 | Create | Villager (Male) |
| 8:12 | Create | Villager (Male) |
| 8:15 | Create | Fishing Ship |
| 8:15 | Create | Fishing Ship |
| 8:46 | Create | Fishing Ship |
| 8:47 | Create | Fishing Ship |
| 8:58 | Create | Villager (Male) |
| 9:09 | Build | House |
| 9:47 | Create | Villager (Male) |
| 10:20 | Create | Villager (Male) |
| 10:26 | Build | Mining Camp |
| 10:49 | Create | Villager (Male) |
| 10:52 | Create | Fishing Ship |
| 10:56 | Build | House |
| 10:57 | Build | House |
| 11:03 | Research | Feudal Age |
| 11:22 | Build | Outpost |
| 11:35 | Build | Outpost |
| 11:40 | Build | Outpost |
| 11:50 | Build | Palisade Wall |
| 11:51 | Build | Palisade Wall |
| 11:52 | Build | Palisade Wall |
| 12:04 | Create | Villager (Male) |
| 12:04 | Create | Villager (Male) |
| 12:24 | Build | Outpost |
| 12:31 | Build | Outpost |
| 12:50 | Build | Barracks |
| 13:09 | Create | Villager (Male) |
| 13:09 | Create | Villager (Male) |
| 13:24 | Age | Feudal Age |
| 13:28 | Build | Lumber Camp |
| 13:37 | Build | Archery Range |
| 13:39 | Research | Town Watch |
| 13:51 | Create | Villager (Male) |
| 13:57 | Research | Gold Mining |
| 14:02 | Build | Palisade Wall |
| 14:20 | Build | House |
| 14:28 | Build | Outpost |
| 14:42 | Build | Outpost |
| 14:45 | Build | Outpost |
| 14:46 | Build | Outpost |
| 14:56 | Create | Spearman |
| 14:57 | Create | Archer |
| 14:58 | Create | Archer |
| 15:23 | Build | House |
| 15:45 | Build | Watch Tower |
| 15:56 | Create | Archer |
| 16:00 | Create | Villager (Male) |
| 16:07 | Create | Spearman |
| 16:15 | Build | Watch Tower |
| 17:04 | Create | Skirmisher |
| 17:08 | Build | Watch Tower |
| 17:13 | Create | Villager (Male) |
| 17:13 | Create | Villager (Male) |
| 17:36 | Build | Watch Tower |
| 17:53 | Create | Villager (Male) |
| 17:54 | Create | Villager (Male) |
| 17:56 | Build | Blacksmith |
| 18:18 | Build | Watch Tower |
| 18:24 | Create | Spearman |
| 18:24 | Create | Spearman |
| 18:28 | Create | Villager (Male) |
| 18:43 | Research | Fletching |
| 18:44 | Research | Scale Mail Armor |
| 19:03 | Build | House |
| 19:06 | Build | House |
| 19:24 | Build | Outpost |
| 19:29 | Build | Watch Tower |
| 19:37 | Build | Palisade Wall |
| 19:42 | Build | Palisade Wall |
| 19:45 | Create | Villager (Male) |
| 19:45 | Create | Villager (Male) |
| 20:06 | Build | House |
| 20:33 | Build | House |
| 20:35 | Build | House |
| 20:39 | Build | Palisade Wall |
| 20:42 | Build | Palisade Wall |
| 21:09 | Build | Watch Tower |
| 21:14 | Build | Palisade Gate |
| 21:16 | Build | House |
| 21:44 | Build | Watch Tower |
| 21:52 | Build | Watch Tower |
| 22:11 | Create | Villager (Male) |
| 22:11 | Create | Villager (Male) |
| 22:17 | Build | Mill |
| 23:19 | Create | Villager (Male) |
| 23:19 | Create | Villager (Male) |
| 24:21 | Build | Market |
| 25:18 | Build | Watch Tower |
| 26:22 | Research | Castle Age |
| 29:02 | Age | Castle Age |
| 30:20 | Build | Lumber Camp |
| 30:28 | Build | Mining Camp |
| 30:33 | Build | Mining Camp |
| 30:38 | Build | Mining Camp |
| 31:45 | Build | Town Center |
| 32:49 | Create | Villager (Male) |
| 32:49 | Create | Villager (Male) |
| 33:00 | Research | Double-Bit Axe |
| 33:45 | Create | Villager (Male) |
| 33:53 | Create | Villager (Male) |
| 33:56 | Build | Town Center |
| 34:19 | Create | Villager (Male) |
| 34:19 | Create | Villager (Male) |
| 35:18 | Create | Villager (Male) |
| 35:20 | Create | Villager (Male) |
| 35:20 | Create | Villager (Male) |
| 35:56 | Create | Villager (Male) |
| 35:58 | Create | Villager (Male) |
| 35:58 | Create | Villager (Male) |
| 36:01 | Create | Villager (Male) |
| 36:01 | Create | Villager (Male) |
| 36:20 | Create | Villager (Male) |
| 36:22 | Create | Villager (Male) |
| 36:45 | Create | Villager (Male) |
| 36:45 | Create | Villager (Male) |
| 36:49 | Build | Town Center |
| 36:54 | Create | Villager (Male) |
| 37:20 | Create | Villager (Male) |
Build order — hide1914
First 150 of 362 actions detected
| 0:03 | Build | Town Center |
| 1:26 | Build | Palisade Wall |
| 1:28 | Build | Palisade Wall |
| 1:43 | Build | Palisade Wall |
| 2:17 | Build | Dock |
| 2:22 | Build | Palisade Wall |
| 2:23 | Build | Palisade Wall |
| 2:24 | Build | Palisade Wall |
| 2:29 | Create | Villager (Male) |
| 2:29 | Create | Villager (Male) |
| 2:30 | Create | Villager (Male) |
| 2:30 | Create | Villager (Male) |
| 3:29 | Create | Fishing Ship |
| 3:47 | Build | House |
| 4:25 | Create | Villager (Male) |
| 4:58 | Create | Villager (Male) |
| 4:58 | Create | Villager (Male) |
| 5:21 | Create | Fishing Ship |
| 5:28 | Create | Villager (Male) |
| 5:57 | Create | Villager (Male) |
| 6:03 | Create | Fishing Ship |
| 6:09 | Build | House |
| 6:22 | Create | Villager (Male) |
| 6:45 | Create | Villager (Male) |
| 6:46 | Create | Villager (Male) |
| 6:51 | Build | House |
| 7:06 | Create | Fishing Ship |
| 7:08 | Create | Villager (Male) |
| 7:30 | Create | Villager (Male) |
| 7:35 | Build | House |
| 8:10 | Create | Villager (Male) |
| 8:11 | Create | Villager (Male) |
| 8:11 | Create | Villager (Male) |
| 8:12 | Create | Fishing Ship |
| 8:13 | Create | Villager (Male) |
| 8:47 | Build | House |
| 9:12 | Build | Lumber Camp |
| 9:35 | Research | Feudal Age |
| 9:36 | Research | Feudal Age |
| 10:23 | Build | House |
| 10:37 | Build | Dock |
| 10:40 | Create | Villager (Male) |
| 10:54 | Build | Mining Camp |
| 10:56 | Create | Villager (Male) |
| 11:15 | Create | Villager (Male) |
| 11:45 | Age | Feudal Age |
| 11:46 | Research | Double-Bit Axe |
| 11:49 | Create | Galley |
| 11:49 | Create | Galley |
| 12:00 | Build | House |
| 12:02 | Build | Palisade Wall |
| 12:03 | Create | Villager (Male) |
| 12:34 | Create | Galley |
| 12:34 | Create | Galley |
| 12:35 | Create | Villager (Male) |
| 12:37 | Build | House |
| 12:40 | Create | Galley |
| 13:03 | Create | Unit 2626 |
| 13:10 | Create | Villager (Male) |
| 13:27 | Create | Unit 2626 |
| 13:28 | Create | Villager (Male) |
| 13:55 | Create | Villager (Male) |
| 13:58 | Build | Mill |
| 14:06 | Build | House |
| 14:12 | Create | Unit 2626 |
| 14:13 | Create | Villager (Male) |
| 14:35 | Create | Villager (Male) |
| 14:44 | Create | Fire Galley |
| 14:46 | Create | Villager (Male) |
| 15:15 | Create | Villager (Male) |
| 15:18 | Build | House |
| 15:20 | Build | Blacksmith |
| 15:23 | Create | Villager (Male) |
| 15:27 | Create | Fire Galley |
| 15:32 | Create | Villager (Male) |
| 15:44 | Build | Dock |
| 15:51 | Create | Unit 2626 |
| 15:54 | Create | Villager (Male) |
| 16:04 | Build | House |
| 16:21 | Create | Galley |
| 16:23 | Create | Villager (Male) |
| 16:25 | Build | House |
| 16:39 | Create | Unit 2626 |
| 16:53 | Create | Villager (Male) |
| 17:01 | Create | Unit 2626 |
| 17:24 | Create | Villager (Male) |
| 17:31 | Build | Market |
| 17:51 | Research | Loom |
| 18:16 | Build | Market |
| 18:19 | Create | Villager (Male) |
| 18:40 | Research | Castle Age |
| 18:43 | Create | Unit 2626 |
| 18:43 | Create | Unit 2626 |
| 18:48 | Create | Villager (Male) |
| 19:13 | Create | Unit 2626 |
| 19:14 | Create | Unit 2626 |
| 19:26 | Create | Villager (Male) |
| 19:35 | Research | Gold Mining |
| 19:40 | Create | Villager (Male) |
| 19:42 | Create | Unit 2626 |
| 19:49 | Create | Unit 2626 |
| 20:03 | Create | Unit 2626 |
| 20:16 | Build | Lumber Camp |
| 20:30 | Create | Unit 2626 |
| 20:54 | Create | Unit 2626 |
| 20:54 | Create | Unit 2626 |
| 21:20 | Age | Castle Age |
| 21:23 | Research | War Galley (upgrade) |
| 21:23 | Research | War Galley (upgrade) |
| 21:29 | Create | Unit 2626 |
| 21:30 | Create | Villager (Male) |
| 21:56 | Build | Dock |
| 21:58 | Create | Villager (Male) |
| 22:01 | Research | Bow Saw |
| 22:01 | Research | Bow Saw |
| 22:09 | Create | Fire Galley |
| 22:10 | Create | Villager (Male) |
| 22:20 | Research | War Galley (upgrade) |
| 22:23 | Create | Villager (Male) |
| 22:34 | Build | Town Center |
| 22:41 | Create | Fire Galley |
| 22:44 | Create | Unit 2626 |
| 22:59 | Create | Villager (Male) |
| 23:02 | Create | Unit 2626 |
| 23:05 | Create | Villager (Male) |
| 23:11 | Create | Unit 2626 |
| 23:33 | Create | Unit 2626 |
| 23:34 | Create | Unit 2626 |
| 23:35 | Create | Villager (Male) |
| 23:45 | Build | Dock |
| 23:52 | Create | Villager (Male) |
| 24:06 | Create | Unit 2626 |
| 24:06 | Create | Unit 2626 |
| 24:19 | Create | Villager (Male) |
| 24:19 | Create | Villager (Male) |
| 24:23 | Build | House |
| 24:24 | Build | House |
| 24:25 | Build | House |
| 24:29 | Build | Lumber Camp |
| 24:33 | Create | Fire Galley |
| 24:37 | Create | Unit 2626 |
| 24:37 | Create | Unit 2626 |
| 24:38 | Create | Villager (Male) |
| 24:56 | Create | Villager (Male) |
| 25:08 | Build | Town Center |
| 25:18 | Create | Unit 2626 |
| 25:19 | Create | Villager (Male) |
| 25:27 | Create | Unit 2626 |
| 25:28 | Create | Villager (Male) |
| 25:30 | Create | Unit 2626 |
Build order — ty
First 150 of 433 actions detected
| 0:26 | Build | Town Center |
| 0:47 | Build | House |
| 0:48 | Build | Dock |
| 2:46 | Create | Villager (Male) |
| 2:46 | Create | Villager (Male) |
| 2:46 | Create | Villager (Male) |
| 2:46 | Create | Villager (Male) |
| 2:46 | Create | Villager (Male) |
| 3:50 | Create | Villager (Male) |
| 4:09 | Create | Fishing Ship |
| 4:09 | Create | Fishing Ship |
| 4:38 | Create | Villager (Male) |
| 4:38 | Create | Villager (Male) |
| 4:59 | Create | Villager (Male) |
| 4:59 | Create | Villager (Male) |
| 5:04 | Build | House |
| 5:14 | Research | Loom |
| 5:14 | Create | Villager (Male) |
| 5:53 | Create | Villager (Male) |
| 5:54 | Create | Fishing Ship |
| 5:54 | Create | Fishing Ship |
| 5:55 | Create | Villager (Male) |
| 6:12 | Create | Villager (Male) |
| 6:12 | Create | Villager (Male) |
| 6:24 | Build | House |
| 6:50 | Build | House |
| 7:06 | Create | Fishing Ship |
| 7:06 | Create | Fishing Ship |
| 7:13 | Build | House |
| 7:24 | Create | Villager (Male) |
| 7:24 | Create | Villager (Male) |
| 7:31 | Create | Villager (Male) |
| 7:31 | Create | Villager (Male) |
| 7:34 | Build | House |
| 7:50 | Create | Villager (Male) |
| 7:50 | Create | Villager (Male) |
| 8:04 | Create | Fishing Ship |
| 8:04 | Create | Fishing Ship |
| 8:08 | Build | House |
| 8:10 | Build | Palisade Wall |
| 8:27 | Create | Villager (Male) |
| 8:28 | Create | Villager (Male) |
| 8:31 | Create | Villager (Male) |
| 8:47 | Build | Outpost |
| 8:53 | Create | Fishing Ship |
| 8:53 | Create | Fishing Ship |
| 8:54 | Create | Villager (Male) |
| 8:54 | Create | Villager (Male) |
| 9:01 | Create | Villager (Male) |
| 9:02 | Create | Villager (Male) |
| 9:14 | Create | Villager (Male) |
| 9:22 | Create | Villager (Male) |
| 9:22 | Create | Villager (Male) |
| 9:34 | Create | Fishing Ship |
| 9:42 | Create | Villager (Male) |
| 9:52 | Build | House |
| 10:00 | Build | House |
| 10:09 | Create | Villager (Male) |
| 10:37 | Build | House |
| 10:45 | Create | Fishing Ship |
| 10:56 | Build | House |
| 11:21 | Build | Mining Camp |
| 11:34 | Create | Villager (Male) |
| 12:08 | Build | Mill |
| 12:10 | Research | Feudal Age |
| 14:05 | Create | Villager (Male) |
| 14:06 | Create | Villager (Male) |
| 14:20 | Age | Feudal Age |
| 14:21 | Build | Market |
| 14:25 | Build | Blacksmith |
| 14:44 | Build | Lumber Camp |
| 15:12 | Research | Castle Age |
| 15:21 | Build | Palisade Wall |
| 15:30 | Research | Double-Bit Axe |
| 15:58 | Create | Unit 2626 |
| 16:41 | Build | Mining Camp |
| 17:22 | Build | House |
| 17:23 | Build | House |
| 17:43 | Create | Villager (Male) |
| 17:52 | Age | Castle Age |
| 17:55 | Build | Castle |
| 18:01 | Research | Bow Saw |
| 18:14 | Create | Villager (Male) |
| 18:15 | Create | Villager (Male) |
| 18:20 | Build | Town Center |
| 18:40 | Build | Siege Workshop |
| 19:05 | Create | Villager (Male) |
| 19:08 | Build | House |
| 19:23 | Create | Scorpion |
| 19:31 | Create | Mangonel |
| 19:34 | Create | Villager (Male) |
| 19:34 | Create | Villager (Male) |
| 19:34 | Create | Villager (Male) |
| 19:49 | Create | Villager (Male) |
| 20:01 | Build | House |
| 20:41 | Build | Monastery |
| 20:44 | Create | Villager (Male) |
| 21:11 | Create | Villager (Male) |
| 21:26 | Build | Town Center |
| 21:32 | Create | Villager (Male) |
| 21:48 | Create | Villager (Male) |
| 21:49 | Create | Villager (Male) |
| 21:55 | Create | Villager (Male) |
| 22:07 | Create | Villager (Male) |
| 22:13 | Build | Farm |
| 22:13 | Build | Farm |
| 22:13 | Build | Farm |
| 22:13 | Build | Farm |
| 22:13 | Build | Farm |
| 22:14 | Build | Farm |
| 22:14 | Build | Farm |
| 22:14 | Build | Farm |
| 22:16 | Create | Villager (Male) |
| 22:20 | Build | Mill |
| 22:22 | Create | Villager (Male) |
| 22:38 | Create | Villager (Male) |
| 22:45 | Create | Villager (Male) |
| 22:56 | Build | Farm |
| 22:57 | Build | Farm |
| 23:30 | Create | Villager (Male) |
| 23:30 | Create | Villager (Male) |
| 23:30 | Create | Villager (Male) |
| 23:38 | Build | Town Center |
| 23:41 | Research | Horse Collar |
| 23:42 | Create | Villager (Male) |
| 24:04 | Create | Villager (Male) |
| 24:17 | Create | Monk |
| 24:21 | Build | Farm |
| 24:22 | Create | Villager (Male) |
| 24:39 | Build | Farm |
| 24:41 | Build | Farm |
| 24:42 | Create | Villager (Male) |
| 25:09 | Create | Villager (Male) |
| 25:09 | Create | Villager (Male) |
| 25:18 | Build | Castle |
| 25:27 | Build | Lumber Camp |
| 25:28 | Create | Villager (Male) |
| 25:34 | Build | Farm |
| 25:35 | Build | Farm |
| 25:36 | Build | Farm |
| 25:36 | Build | Farm |
| 25:41 | Build | Farm |
| 25:41 | Create | Villager (Male) |
| 25:43 | Build | Farm |
| 25:44 | Build | Farm |
| 25:44 | Build | Farm |
| 25:44 | Build | Farm |
| 25:44 | Build | Farm |
| 25:44 | Build | Farm |
| 25:45 | Build | Farm |
Build order — MJAI
First 150 of 238 actions detected
| 0:51 | Build | Town Center |
| 1:17 | Build | Dock |
| 3:08 | Create | Villager (Male) |
| 3:08 | Create | Villager (Male) |
| 3:09 | Create | Villager (Male) |
| 3:09 | Create | Villager (Male) |
| 3:09 | Create | Villager (Male) |
| 3:56 | Create | Fishing Ship |
| 3:59 | Create | Villager (Male) |
| 4:24 | Create | Villager (Male) |
| 5:09 | Build | House |
| 5:18 | Create | Villager (Male) |
| 5:36 | Create | Villager (Male) |
| 5:53 | Create | Fishing Ship |
| 5:54 | Create | Villager (Male) |
| 6:20 | Build | House |
| 6:28 | Create | Villager (Male) |
| 6:53 | Create | Villager (Male) |
| 7:24 | Create | Villager (Male) |
| 7:25 | Create | Villager (Male) |
| 7:25 | Create | Villager (Male) |
| 7:42 | Build | House |
| 7:49 | Create | Villager (Male) |
| 7:58 | Create | Fishing Ship |
| 7:59 | Create | Fishing Ship |
| 8:19 | Build | House |
| 8:19 | Create | Villager (Male) |
| 8:31 | Create | Villager (Male) |
| 8:37 | Create | Fishing Ship |
| 9:29 | Create | Villager (Male) |
| 9:37 | Build | Dock |
| 10:07 | Create | Villager (Male) |
| 10:12 | Create | Fishing Ship |
| 10:13 | Create | Fishing Ship |
| 10:18 | Build | House |
| 10:24 | Build | House |
| 10:34 | Create | Villager (Male) |
| 10:36 | Create | Fishing Ship |
| 10:41 | Build | Mining Camp |
| 10:42 | Create | Villager (Male) |
| 10:58 | Build | House |
| 11:02 | Create | Villager (Male) |
| 11:05 | Create | Villager (Male) |
| 11:23 | Create | Villager (Male) |
| 11:31 | Research | Loom |
| 11:38 | Create | Villager (Male) |
| 12:03 | Research | Loom |
| 12:18 | Create | Fishing Ship |
| 12:18 | Create | Fishing Ship |
| 12:28 | Research | Feudal Age |
| 12:42 | Create | Villager (Male) |
| 13:05 | Create | Fishing Ship |
| 13:05 | Create | Fishing Ship |
| 13:22 | Build | Palisade Wall |
| 13:26 | Create | Fishing Ship |
| 13:31 | Create | Fishing Ship |
| 13:31 | Create | Fishing Ship |
| 13:34 | Create | Villager (Male) |
| 13:43 | Build | Barracks |
| 14:49 | Age | Feudal Age |
| 14:51 | Build | Archery Range |
| 14:52 | Create | Villager (Male) |
| 14:59 | Build | Blacksmith |
| 15:03 | Build | Mill |
| 15:06 | Create | Villager (Male) |
| 15:33 | Build | Lumber Camp |
| 15:34 | Create | Villager (Male) |
| 15:43 | Build | House |
| 15:51 | Research | Castle Age |
| 16:11 | Create | Archer |
| 16:15 | Build | House |
| 16:16 | Build | House |
| 16:17 | Build | House |
| 16:18 | Build | House |
| 16:21 | Create | Villager (Male) |
| 16:27 | Build | Archery Range |
| 16:31 | Research | Fletching |
| 16:32 | Create | Archer |
| 16:33 | Create | Villager (Male) |
| 16:48 | Create | Villager (Male) |
| 16:50 | Create | Archer |
| 16:50 | Create | Archer |
| 17:07 | Create | Villager (Male) |
| 17:17 | Create | Archer |
| 17:38 | Create | Archer |
| 17:41 | Create | Villager (Male) |
| 17:50 | Build | Palisade Gate |
| 17:53 | Create | Villager (Male) |
| 18:05 | Create | Villager (Male) |
| 18:06 | Create | Archer |
| 18:06 | Create | Archer |
| 18:31 | Age | Castle Age |
| 18:38 | Create | Archer |
| 18:38 | Create | Villager (Male) |
| 18:41 | Create | Archer |
| 18:42 | Create | Villager (Male) |
| 19:02 | Create | Villager (Male) |
| 19:16 | Create | Archer |
| 19:21 | Create | Villager (Male) |
| 19:31 | Build | Town Center |
| 19:36 | Create | Villager (Male) |
| 19:49 | Build | Lumber Camp |
| 19:57 | Create | Villager (Male) |
| 20:07 | Create | Villager (Male) |
| 20:09 | Build | Market |
| 20:11 | Build | Dock |
| 20:26 | Create | Villager (Male) |
| 20:28 | Create | Villager (Male) |
| 20:29 | Create | Villager (Male) |
| 20:30 | Research | Double-Bit Axe |
| 20:31 | Create | Villager (Male) |
| 20:33 | Create | Villager (Male) |
| 20:35 | Create | Villager (Male) |
| 20:36 | Create | Villager (Male) |
| 20:42 | Create | Villager (Male) |
| 20:56 | Create | Villager (Male) |
| 21:03 | Research | Crossbowman (upgrade) |
| 21:14 | Research | Bodkin Arrow |
| 21:15 | Create | Archer |
| 21:15 | Create | Villager (Male) |
| 21:19 | Create | Villager (Male) |
| 21:30 | Create | Archer |
| 21:30 | Create | Villager (Male) |
| 21:42 | Create | Villager (Male) |
| 21:43 | Create | Archer |
| 21:43 | Create | Archer |
| 21:46 | Create | Villager (Male) |
| 21:59 | Create | Archer |
| 21:59 | Create | Villager (Male) |
| 22:06 | Build | Siege Workshop |
| 22:09 | Create | Archer |
| 22:18 | Create | Archer |
| 22:19 | Create | Villager (Male) |
| 22:39 | Create | Villager (Male) |
| 22:42 | Create | Villager (Male) |
| 22:50 | Build | Lumber Camp |
| 22:52 | Create | Villager (Male) |
| 23:35 | Create | Villager (Male) |
| 23:46 | Create | Archer |
| 23:47 | Create | Villager (Male) |
| 23:48 | Create | Archer |
| 23:49 | Create | Villager (Male) |
| 23:56 | Create | Armored Elephant |
| 24:08 | Create | Archer |
| 24:08 | Create | Villager (Male) |
| 24:10 | Create | Villager (Male) |
| 24:18 | Create | Villager (Male) |
| 24:38 | Create | Villager (Male) |
| 24:41 | Build | Siege Workshop |
| 25:15 | Create | Archer |
Build order — 康寶羊
First 150 of 251 actions detected
| 0:12 | Build | Town Center |
| 1:07 | Build | Dock |
| 2:17 | Build | Palisade Wall |
| 2:18 | Build | Palisade Wall |
| 2:19 | Build | Palisade Wall |
| 2:32 | Create | Villager (Male) |
| 2:32 | Create | Villager (Male) |
| 2:34 | Create | Villager (Male) |
| 2:34 | Create | Villager (Male) |
| 2:37 | Build | House |
| 3:52 | Create | Fishing Ship |
| 4:11 | Research | Loom |
| 4:30 | Create | Fishing Ship |
| 4:53 | Build | House |
| 5:07 | Create | Villager (Male) |
| 5:07 | Create | Villager (Male) |
| 5:41 | Create | Villager (Male) |
| 5:53 | Create | Villager (Male) |
| 5:53 | Create | Villager (Male) |
| 6:14 | Build | House |
| 6:19 | Create | Villager (Male) |
| 6:19 | Create | Villager (Male) |
| 6:26 | Create | Fishing Ship |
| 6:26 | Create | Fishing Ship |
| 6:32 | Create | Villager (Male) |
| 6:59 | Build | House |
| 7:22 | Create | Villager (Male) |
| 7:23 | Create | Villager (Male) |
| 7:23 | Create | Villager (Male) |
| 8:03 | Create | Fishing Ship |
| 8:09 | Create | Fishing Ship |
| 8:10 | Create | Villager (Male) |
| 8:15 | Build | House |
| 8:27 | Create | Villager (Male) |
| 8:41 | Create | Villager (Male) |
| 8:43 | Create | Fishing Ship |
| 9:07 | Create | Villager (Male) |
| 9:22 | Build | Settlement |
| 9:26 | Create | Villager (Male) |
| 9:51 | Create | Villager (Male) |
| 9:58 | Create | Villager (Male) |
| 10:09 | Create | Villager (Male) |
| 10:10 | Create | Fishing Ship |
| 10:30 | Build | House |
| 11:04 | Research | Feudal Age |
| 11:14 | Build | Settlement |
| 12:44 | Create | Villager (Male) |
| 12:44 | Create | Villager (Male) |
| 13:07 | Build | House |
| 13:15 | Build | Dock |
| 13:19 | Age | Feudal Age |
| 13:21 | Create | Villager (Male) |
| 13:25 | Build | Market |
| 13:39 | Build | Blacksmith |
| 13:54 | Build | House |
| 14:05 | Create | Villager (Male) |
| 14:31 | Research | Castle Age |
| 14:31 | Research | Castle Age |
| 14:51 | Create | Skirmisher |
| 15:03 | Create | Fire Galley |
| 15:15 | Create | Fire Galley |
| 15:15 | Create | Fire Galley |
| 15:33 | Research | Double-Bit Axe |
| 15:33 | Research | Double-Bit Axe |
| 15:53 | Build | Dock |
| 16:08 | Create | Fire Galley |
| 16:16 | Create | Villager (Male) |
| 16:21 | Create | Fire Galley |
| 16:21 | Create | Fire Galley |
| 16:31 | Create | Villager (Male) |
| 16:39 | Create | Fire Galley |
| 16:39 | Create | Fire Galley |
| 17:14 | Age | Castle Age |
| 17:15 | Research | War Galley (upgrade) |
| 17:15 | Research | War Galley (upgrade) |
| 17:18 | Create | Villager (Male) |
| 17:24 | Create | Fire Galley |
| 17:24 | Create | Fire Galley |
| 17:44 | Create | Villager (Male) |
| 17:54 | Create | Unit 2626 |
| 17:54 | Create | Unit 2626 |
| 17:54 | Create | Unit 2626 |
| 18:02 | Create | Villager (Male) |
| 18:18 | Create | Unit 2626 |
| 18:18 | Create | Unit 2626 |
| 18:39 | Create | Unit 2626 |
| 18:47 | Create | Fire Galley |
| 18:50 | Create | Villager (Male) |
| 19:16 | Create | Fire Galley |
| 19:24 | Create | Fire Galley |
| 19:46 | Create | Villager (Male) |
| 19:48 | Create | Villager (Male) |
| 19:54 | Create | Unit 2626 |
| 19:55 | Create | Unit 2626 |
| 19:55 | Create | Unit 2626 |
| 19:56 | Create | Villager (Male) |
| 20:09 | Create | Villager (Male) |
| 20:23 | Create | Fire Galley |
| 20:24 | Create | Fire Galley |
| 20:33 | Create | Villager (Male) |
| 20:47 | Build | Settlement |
| 21:14 | Create | Villager (Male) |
| 21:19 | Research | Bow Saw |
| 21:30 | Create | Villager (Male) |
| 21:35 | Create | Fire Galley |
| 21:36 | Create | Fire Galley |
| 21:36 | Create | Fire Galley |
| 21:43 | Create | Fire Galley |
| 21:43 | Create | Fire Galley |
| 22:14 | Create | Villager (Male) |
| 22:34 | Create | Unit 2626 |
| 22:34 | Create | Unit 2626 |
| 22:35 | Create | Unit 2626 |
| 22:36 | Create | Villager (Male) |
| 22:36 | Create | Villager (Male) |
| 22:37 | Build | House |
| 22:38 | Build | House |
| 22:38 | Build | House |
| 22:56 | Create | Villager (Male) |
| 22:59 | Build | Town Center |
| 23:03 | Create | Unit 2626 |
| 23:16 | Create | Unit 2626 |
| 23:25 | Create | Villager (Male) |
| 23:38 | Create | Villager (Male) |
| 24:06 | Research | Forging |
| 24:07 | Create | Villager (Male) |
| 24:15 | Build | Town Center |
| 24:16 | Research | Gold Mining |
| 24:23 | Build | Dock |
| 24:28 | Create | Villager (Male) |
| 24:30 | Create | Villager (Male) |
| 24:33 | Build | Farm |
| 24:56 | Build | Siege Workshop |
| 25:11 | Create | Villager (Male) |
| 25:18 | Create | Scorpion |
| 25:23 | Create | Villager (Male) |
| 25:32 | Create | Unit 2626 |
| 25:32 | Create | Unit 2626 |
| 25:32 | Create | Unit 2626 |
| 25:34 | Create | Villager (Male) |
| 25:45 | Create | Scorpion |
| 26:00 | Create | Villager (Male) |
| 26:36 | Create | Scorpion |
| 26:40 | Create | Villager (Male) |
| 26:44 | Create | Villager (Male) |
| 27:06 | Build | Town Center |
| 27:29 | Create | Villager (Male) |
| 27:37 | Create | Villager (Male) |
| 27:41 | Build | Farm |
| 27:42 | Build | Farm |
Build order — Nezzar
First 150 of 349 actions detected
| 0:31 | Build | Town Center |
| 0:37 | Build | Dock |
| 0:40 | Build | House |
| 0:48 | Build | Palisade Wall |
| 0:50 | Build | Palisade Wall |
| 2:51 | Create | Villager (Male) ×4 |
| 2:51 | Create | Villager (Male) ×4 |
| 3:50 | Create | Villager (Male) |
| 3:50 | Create | Villager (Male) |
| 4:30 | Create | Villager (Male) |
| 4:31 | Create | Villager (Male) |
| 4:40 | Create | Fishing Ship |
| 5:08 | Create | Villager (Male) |
| 5:08 | Create | Villager (Male) |
| 5:23 | Create | Fishing Ship |
| 5:40 | Create | Villager (Male) |
| 5:40 | Create | Villager (Male) |
| 5:55 | Build | House |
| 6:11 | Create | Villager (Male) |
| 6:16 | Create | Fishing Ship |
| 6:23 | Build | House |
| 6:35 | Create | Villager (Male) |
| 6:54 | Create | Fishing Ship |
| 7:07 | Build | House |
| 7:14 | Create | Villager (Male) |
| 7:14 | Create | Villager (Male) |
| 7:22 | Create | Villager (Male) |
| 7:22 | Create | Villager (Male) |
| 7:32 | Create | Fishing Ship |
| 7:32 | Create | Fishing Ship |
| 7:52 | Create | Villager (Male) |
| 7:53 | Create | Villager (Male) |
| 8:09 | Create | Fishing Ship |
| 8:38 | Build | Lumber Camp |
| 8:41 | Create | Villager (Male) |
| 9:06 | Create | Villager (Male) |
| 9:41 | Research | Feudal Age |
| 9:42 | Research | Feudal Age |
| 9:54 | Build | Mining Camp |
| 10:24 | Create | Fishing Ship |
| 10:33 | Build | House |
| 10:56 | Build | Barracks |
| 11:54 | Age | Feudal Age |
| 11:57 | Create | Villager (Male) |
| 11:58 | Research | Double-Bit Axe |
| 12:04 | Build | Archery Range |
| 12:08 | Create | Villager (Male) |
| 12:21 | Create | Villager (Male) |
| 12:27 | Build | House |
| 12:38 | Create | Villager (Male) |
| 12:47 | Create | Archer |
| 12:48 | Build | House |
| 12:49 | Build | Palisade Wall |
| 12:52 | Create | Villager (Male) |
| 13:01 | Create | Archer |
| 13:05 | Create | Villager (Male) |
| 13:12 | Create | Unit 2626 |
| 13:22 | Create | Villager (Male) |
| 13:44 | Create | Villager (Male) |
| 13:46 | Build | Blacksmith |
| 13:51 | Create | Archer |
| 14:05 | Create | Villager (Male) |
| 14:21 | Build | House |
| 14:22 | Create | Villager (Male) |
| 14:29 | Create | Archer |
| 14:46 | Build | House |
| 14:57 | Research | Castle Age |
| 15:05 | Build | House |
| 15:06 | Build | Palisade Wall |
| 15:08 | Create | Archer |
| 15:18 | Build | Palisade Gate |
| 15:20 | Build | Palisade Wall |
| 15:30 | Research | Fletching |
| 15:30 | Research | Fletching |
| 15:30 | Research | Fletching |
| 15:31 | Research | Gold Mining |
| 15:52 | Create | Archer |
| 15:57 | Build | House |
| 16:16 | Create | Archer |
| 16:31 | Create | Archer |
| 16:44 | Create | Villager (Male) |
| 17:05 | Create | Villager (Male) |
| 17:14 | Create | Villager (Male) |
| 17:26 | Create | Unit 2626 |
| 17:29 | Create | Villager (Male) |
| 17:37 | Age | Castle Age |
| 17:40 | Research | Loom |
| 17:41 | Research | Bodkin Arrow |
| 17:47 | Build | Town Center |
| 17:50 | Create | Villager (Male) |
| 18:07 | Create | Villager (Male) |
| 18:10 | Create | Unit 2626 |
| 18:14 | Create | Villager (Male) |
| 18:17 | Build | Dock |
| 18:32 | Create | Unit 2626 |
| 18:38 | Research | Bow Saw |
| 18:38 | Research | Bow Saw |
| 18:55 | Research | War Galley (upgrade) |
| 18:56 | Create | Villager (Male) |
| 19:03 | Create | Archer |
| 19:47 | Research | Crossbowman (upgrade) |
| 19:47 | Create | Villager (Male) |
| 19:52 | Build | Outpost |
| 19:54 | Build | Monastery |
| 19:55 | Build | Mill |
| 20:05 | Create | Archer |
| 20:07 | Build | Archery Range |
| 20:18 | Create | Villager (Male) |
| 20:31 | Create | Villager (Male) |
| 20:33 | Create | Archer |
| 20:35 | Build | Farm |
| 20:35 | Create | Monk |
| 20:38 | Create | Villager (Male) |
| 20:48 | Create | Villager (Male) |
| 20:49 | Create | Unit 2626 |
| 21:04 | Create | Archer |
| 21:12 | Build | Farm |
| 21:13 | Build | Farm |
| 21:13 | Create | Villager (Male) |
| 21:16 | Create | Archer |
| 21:26 | Create | Villager (Male) |
| 21:35 | Create | Archer |
| 21:38 | Research | Padded Archer Armor |
| 21:41 | Create | Villager (Male) |
| 21:46 | Create | Unit 2626 |
| 21:49 | Create | Archer |
| 22:03 | Create | Unit 2626 |
| 22:06 | Create | Villager (Male) |
| 22:07 | Create | Archer |
| 22:09 | Create | Villager (Male) |
| 22:09 | Create | Villager (Male) |
| 22:12 | Build | Farm |
| 22:12 | Build | Farm |
| 22:14 | Create | Monk |
| 22:17 | Create | Archer |
| 22:20 | Create | Archer |
| 22:30 | Build | Farm |
| 22:30 | Create | Villager (Male) |
| 22:31 | Create | Archer |
| 22:33 | Create | Unit 2626 |
| 22:44 | Create | Unit 2626 |
| 22:48 | Create | Archer |
| 22:55 | Build | House |
| 22:59 | Build | University |
| 23:02 | Create | Villager (Male) |
| 23:09 | Build | House |
| 23:10 | Build | House |
| 23:19 | Create | Villager (Male) |
| 23:21 | Build | House |
| 23:25 | Create | Villager (Male) |
Match timeline
| 0:37 | Nezzar · first_building Dock |
| 0:45 | 默默默默默 · first_building Dock |
| 0:48 | ty · first_building Dock |
| 0:48 | Nezzar · wall_segment Palisade Wall x1 |
| 0:50 | Nezzar · wall_segment Palisade Wall x1 |
| 0:52 | LamarcusLawliet · first_building Dock |
| 1:07 | 康寶羊 · first_building Dock |
| 1:17 | MJAI · first_building Dock |
| 1:26 | hide1914 · wall_segment Palisade Wall x1 |
| 1:28 | hide1914 · wall_segment Palisade Wall x1 |
| 1:31 | Danatis · first_building Dock |
| 1:43 | hide1914 · wall_segment Palisade Wall x1 |
| 1:56 | Danatis · wall_segment Palisade Wall x1 |
| 2:17 | 康寶羊 · wall_segment Palisade Wall x1 |
| 2:17 | hide1914 · first_building Dock |
| 2:18 | 康寶羊 · wall_segment Palisade Wall x1 |
| 2:19 | 康寶羊 · wall_segment Palisade Wall x1 |
| 2:22 | hide1914 · wall_segment Palisade Wall x1 |
| 2:23 | hide1914 · wall_segment Palisade Wall x1 |
| 2:24 | hide1914 · wall_segment Palisade Wall x1 |
| 8:10 | ty · wall_segment Palisade Wall x1 |
| 10:56 | Nezzar · first_building Barracks |
| 11:01 | Danatis · wall_segment Palisade Wall x1 |
| 11:45 | hide1914 · age_up feudal |
| 11:50 | LamarcusLawliet · first_building Barracks |
| 11:50 | 默默默默默 · wall_segment Palisade Wall x1 |
| 11:51 | 默默默默默 · wall_segment Palisade Wall x1 |
| 11:52 | 默默默默默 · wall_segment Palisade Wall x1 |
| 11:54 | Nezzar · age_up feudal |
| 12:02 | hide1914 · wall_segment Palisade Wall x6 |
| 12:04 | Nezzar · first_building Archery Range |
| 12:49 | Nezzar · wall_segment Palisade Wall x1 |
| 12:50 | 默默默默默 · first_building Barracks |
| 12:59 | Danatis · age_up feudal |
| 13:08 | Danatis · wall_segment Palisade Wall x1 |
| 13:18 | LamarcusLawliet · age_up feudal |
| 13:19 | 康寶羊 · age_up feudal |
| 13:22 | LamarcusLawliet · first_building Stable |
| 13:22 | MJAI · wall_segment Palisade Wall x9 |
| 13:24 | 默默默默默 · age_up feudal |
| 13:37 | 默默默默默 · first_building Archery Range |
| 13:43 | MJAI · first_building Barracks |
| 14:02 | 默默默默默 · wall_segment Palisade Wall x7 |
| 14:20 | ty · age_up feudal |
| 14:24 | 康寶羊 · first_market_buy 100 food |
| 14:25 | 康寶羊 · first_market_sell 100 wood |
| 14:49 | MJAI · age_up feudal |
| 14:51 | MJAI · first_building Archery Range |
| 15:06 | Nezzar · wall_segment Palisade Wall x5 |
| 15:09 | ty · first_market_sell 100 food |
| 15:20 | Nezzar · wall_segment Palisade Wall x5 |
| 15:21 | ty · wall_segment Palisade Wall x12 |
| 16:24 | Danatis · first_building Barracks |
| 16:53 | Danatis · age_up castle |
| 16:53 | LamarcusLawliet · age_up castle |
| 17:14 | 康寶羊 · age_up castle |
| 17:26 | Danatis · first_building Krepost |
| 17:37 | Nezzar · age_up castle |
| 17:43 | Danatis · wall_segment Palisade Wall x1 |
| 17:43 | Danatis · wall_segment Palisade Wall x1 |
| 17:50 | Danatis · wall_segment Palisade Wall x1 |
| 17:52 | Danatis · wall_segment Palisade Wall x1 |
| 17:52 | ty · age_up castle |
| 17:55 | ty · first_building Castle |
| 18:29 | hide1914 · first_market_sell 100 wood |
| 18:31 | MJAI · age_up castle |
| 18:40 | ty · first_building Siege Workshop |
| 19:37 | 默默默默默 · wall_segment Palisade Wall x1 |
| 19:42 | 默默默默默 · wall_segment Palisade Wall x5 |
| 19:54 | Nezzar · first_building Monastery |
| 20:39 | 默默默默默 · wall_segment Palisade Wall x3 |
| 20:41 | ty · first_building Monastery |
| 20:42 | 默默默默默 · wall_segment Palisade Wall x1 |
| 20:47 | hide1914 · first_market_buy 100 wood |
| 20:54 | LamarcusLawliet · first_building Siege Workshop |
| 21:13 | MJAI · first_market_sell 100 food |
| 21:20 | hide1914 · age_up castle |
| 22:06 | MJAI · first_building Siege Workshop |
| 23:54 | MJAI · first_market_buy 100 food |
| 23:56 | Danatis · first_building Siege Workshop |
| 24:56 | 康寶羊 · first_building Siege Workshop |
| 25:13 | ty · first_market_buy 100 stone |
| 25:25 | 默默默默默 · first_market_buy 500 food |
| 25:40 | LamarcusLawliet · first_market_sell 100 stone |
| 26:21 | 默默默默默 · first_market_sell 100 stone |
| 27:39 | MJAI · first_building Monastery |
| 28:29 | LamarcusLawliet · first_market_buy 100 wood |
| 28:51 | 康寶羊 · wall_segment Palisade Wall x1 |
| 28:52 | Danatis · wall_segment Palisade Wall x1 |
| 28:52 | 康寶羊 · wall_segment Palisade Wall x8 |
| 28:53 | Danatis · wall_segment Palisade Wall x1 |
| 28:57 | Nezzar · first_building Siege Workshop |
| 29:02 | 默默默默默 · age_up castle |
| 29:23 | Danatis · first_building Monastery |
| 29:50 | Danatis · first_market_buy 100 food |
| 29:53 | Nezzar · first_building Castle |
| 30:19 | Danatis · wall_segment Palisade Wall x6 |
| 30:21 | Danatis · wall_segment Palisade Wall x7 |
| 32:33 | MJAI · first_building Castle |
| 32:51 | 康寶羊 · first_building Monastery |
| 32:52 | hide1914 · first_building Monastery |
| 33:16 | Nezzar · first_market_sell 500 stone |
| 33:18 | Nezzar · first_market_buy 100 food |
| 33:20 | LamarcusLawliet · first_building Castle |
| 33:20 | hide1914 · first_building Barracks |
| 33:33 | ty · first_building Barracks |
| 34:19 | hide1914 · first_building Stable |
| 34:41 | ty · first_building Stable |
| 34:59 | hide1914 · wall_segment Palisade Wall x5 |
| 35:21 | Danatis · first_building Stable |
| 35:37 | Danatis · wall_segment Stone Wall x1 |
| 36:29 | Nezzar · age_up imperial |
| 36:42 | hide1914 · age_up imperial |
| 37:14 | LamarcusLawliet · wall_segment Palisade Wall x1 |
| 37:18 | 康寶羊 · first_building Castle |
| 37:42 | 康寶羊 · resign |
[ AI ANALYSIS · 1 CREDIT ]
What really happened in this match?
Wolo.gg analyzes every decision: build order, eco, micro, common mistakes by bracket. Personalized analysis on WhatsApp or Discord in 30 seconds.
Civ guide
Bulgarians
Perfil
Jugador #6543545